 Dungeon Crawl Stone Soup version 0.23-a0-558-g30802b1 (webtiles) character file.

41583 ilii the Summoner (level 13, -2/79 HPs)
             Began as a Deep Elf Summoner on Dec 10, 2018.
             Was a High Priest of Sif Muna.
             Slain by a red devil
             ... wielding a +0 trident
             ... summoned by an orc high priest
              (3 damage)
             ... on level 2 of the Orcish Mines on Dec 12, 2018.
             The game lasted 02:46:41 (28507 turns).

ilii the Summoner (Deep Elf Summoner)              Turns: 28507, Time: 02:46:42

Health: -2/79      AC: 17    Str:  3    XL:     13   Next: 80%
Magic:  19/32      EV: 18    Int: 34    God:    Sif Muna [*****.]
Gold:   1419       SH:  0    Dex: 17    Spells: 2/38 levels left

rFire    + . .     SeeInvis .   x - +2 mace "Death Rattle" {drain, rPois Str-5 Int+2}
rCold    . . .     Gourm    .   (no shield)
rNeg     . . .     Faith    .   J - +2 robe {MR+}
rPois    +         Spirit   .   z - +2 helmet {Int+3}
rElec    .         Reflect  .   s - +0 cloak
rCorr    .         Harm     .   K - +0 pair of gloves {Str+3}
MR       ++...                  B - +2 pair of boots of Apathy {Int+3 Stlth+}
Stlth    +++.......             (no amulet)
HPRegen  0.23/turn              D - ring of protection from fire
MPRegen  0.23/turn              t - +5 ring of protection

@: divine energy
A: agile 1
a: Stop Divine Energy, Channel Magic, Forget Spell, Renounce Religion


You were on level 2 of the Orcish Mines.
You worshipped Sif Muna.
Sif Muna was extremely pleased with you.
You were not hungry.

You visited 5 branches of the dungeon, and saw 22 of its levels.
You also visited: Ossuary, Gauntlet and Volcano.

You collected 2090 gold pieces.
You spent 671 gold pieces at shops.

Inventory:

Hand Weapons
 x - the +2 mace "Death Rattle" (weapon) {drain, rPois Str-5 Int+2}
   (You bought it in a shop on level 2 of the Orcish Mines)

   A truly terrible weapon, it drains the life of those it strikes.
   It affects your strength (-5).
   It affects your intelligence (+2).
   It protects you from poison.
 I - a +5 demon whip of electrocution
Armour
 e - a +1 shield of protection
 s - a +0 cloak (worn)
 z - a +2 helmet of intelligence (worn)
 B - the +2 pair of boots of Apathy (worn) {Int+3 Stlth+}
   (You found it on level 7 of the Dungeon)

   It affects your intelligence (+3).
   It makes you more stealthy.
 J - a +2 robe of magic resistance (worn)
 K - a +0 pair of gloves of strength (worn)
Jewellery
 m - an uncursed ring of see invisible
 t - a +5 ring of protection (right hand)
 D - a ring of protection from fire (left hand)
Wands
 k - a wand of polymorph (6)
 y - a wand of disintegration (9)
 A - a wand of flame (28)
 C - a wand of random effects (5)
 F - a wand of iceblast (7)
 G - a wand of scattershot (2)
Scrolls
 a - a scroll of magic mapping
 b - 3 scrolls of identify
 d - a scroll of fog
 g - 10 scrolls of teleportation
 i - 3 scrolls of fear
 l - a scroll of summoning
 r - 3 scrolls of amnesia
 w - a scroll of silence
 H - a scroll of enchant armour
Potions
 h - 6 potions of curing
 j - a potion of brilliance
 n - 2 potions of resistance
 o - 2 potions of ambrosia
 p - a potion of magic
 q - 4 potions of haste
 v - 3 potions of flight
 E - 2 potions of agility
Miscellaneous
 u - 2 phantom mirrors
Comestibles
 c - 35 rations
 f - 8 chunks of flesh


   Skills:
 - Level 8.6 Fighting
 - Level 1.0 Maces & Flails
 - Level 8.9 Dodging
 - Level 2.4 Stealth
 + Level 7.3 Shields
 - Level 13.1 Spellcasting
 - Level 5.4 Conjurations
 - Level 14.1 Summonings
 - Level 5.4 Fire Magic
 - Level 3.0 Ice Magic
 - Level 3.0 Air Magic
 - Level 5.3 Earth Magic


You had 2 spell levels left.
You knew the following spells:

 Your Spells              Type           Power        Failure   Level  Hunger
a - Summon Ice Beast      Ice/Summ       ######..     1%          4    None
b - Blink                 Tloc           N/A          3%          2    None
c - Shadow Creatures      Summ           N/A          1%          6    ###....
d - Bolt of Magma         Conj/Fire/Erth ######....   6%          5    None
e - Summon Lightning Spi  Summ/Air       ######..     1%          4    None
q - Shroud of Golubria    Chrm/Tloc      ###.......   3%          2    None
z - Summon Mana Viper     Hex/Summ       ######..     3%          5    None
S - Summon Horrible Thin  Summ           #######...   36%         8    ######.

Your spell library contained the following spells:

 Spells                   Type           Power        Failure   Level  Hunger
 Summon Butterflies       Summ           #######.     0%          1    None
 Summon Small Mammal      Summ           ####         0%          1    None
 Call Imp                 Summ           #######.     0%          2    None
 Animate Skeleton         Necr           N/A          1%          1    None
 Infusion                 Chrm           ###.         1%          1    None
 Magic Dart               Conj           ####         1%          1    None
 Pain                     Necr           ###.         1%          1    None
 Shock                    Conj/Air       ####         1%          1    None
 Sting                    Conj/Pois      ####         1%          1    None
 Swiftness                Chrm/Air       ####....     1%          2    None
 Throw Frost              Conj/Ice       ######       1%          2    None
 Slow                     Hex            ###.....     3%          2    None
 Song of Slaying          Chrm           ###.....     3%          2    None
 Call Canine Familiar     Summ           #######.     1%          3    None
 Conjure Flame            Conj/Fire      ######..     1%          3    None
 Mephitic Cloud           Conj/Pois/Air  #####...     1%          3    None
 Recall                   Summ/Tloc      N/A          1%          3    None
 Static Discharge         Conj/Air       ######..     1%          3    None
 Summon Guardian Golem    Hex/Summ       ######..     1%          3    None
 Aura of Abjuration       Summ           #######...   1%          5    None
 Summon Demon             Summ           #######...   1%          5    None
 Summon Forest            Summ/Tloc      ######....   3%          5    None
 Airstrike                Air            #####.....   5%          4    None
 Regeneration             Chrm/Necr      ###.......   6%          3    None
 Spectral Weapon          Hex/Chrm       ###.....     6%          3    None
 Vampiric Draining        Necr           ###.......   6%          3    None
 Leda's Liquefaction      Hex/Erth       #####.....   6%          4    None
 Lightning Bolt           Conj/Air       ######....   10%         5    None
 Animate Dead             Necr           N/A          19%         4    None
 Iron Shot                Conj/Erth      ######....   32%         6    ###....
 Bolt of Cold             Conj/Ice       ######....   45%         6    ###....
 Freezing Cloud           Conj/Ice/Air   #####.....   52%         6    ###....
 Haunt                    Necr/Summ      ######....   65%         7    #####..
 Statue Form              Tmut/Erth      #####....    69%         6    ###....
 Simulacrum               Ice/Necr       ####......   85%         6    ###....
 Glaciate                 Conj/Ice       ######....   100%        9    #######
 Shatter                  Erth           ######....   100%        9    #######


Dungeon Overview and Level Annotations

Branches:
Dungeon (12/15)            Temple (1/1) D:5            Lair (6/6) D:10
  Swamp (0/4) Lair:3        Snake (0/4) Lair:4        Slime (1/5) Lair:5
    Orc (2/2) D:12            Elf (0/3) Orc:2

Altars:
Ashenzari
Cheibriados
Dithmenos
Elyvilon
Fedhas
Gozag
Hepliaklqana
Kikubaaqudgha
Makhleb
Nemelex Xobeh
Okawaru
Qazlal
Ru
Sif Muna
Trog
Uskayaw
Vehumet
Wu Jian
Xom
Yredelemnul
Zin
The Shining One
Beogh

Shops:
D:4 [(   D:5 *   D:7 (   D:9 *   Orc:2 (**

Portals:
Trove: D:10 (give 13 scrolls of teleportation)

Annotations:
Lair:1 1 runed door, Ontamu's ghost, journeyman DEWz
Lair:2 1 runed door, Foefao Rulua's ghost, journeyman DEAE


Innate Abilities, Weirdness & Mutations

You are agile. (Dex +2)


Message History

Your large abomination hits the chaos spawn!!
Okay, then.
Okay, then.
Okay, then.
Evoke which item? (* to show all) (? for menu, Esc to quit)
Okay, then.
Unknown command.
Okay, then.
Evoke which item? (* to show all) (? for menu, Esc to quit)
Okay, then.
As you read the scroll of summoning, it crumbles to dust.
Wisps of shadow whirl around you...
Send 'em back where they came from!
Your large abomination disappears in a puff of smoke!
Your orc warrior shudders.
Your orc dissolves into shadows!
Your orc shudders.
Your orc priest shudders.
Your orc dissolves into shadows!
Your orc wizard shudders.
Your orc warrior shudders.
Your orc dissolves into shadows!
Your orc shudders.
The orc high priest closely misses your orc.
The red devil hits you from afar with a +0 trident.
You die...

..................###))##
##.....
.................###))##
##)...
................###))##
##...
...............###.)###.
##).
..............###.)###..
##.
.............###).###...
##
............###).###...#
# ...........###ho4o....#
..........###...@#...##
.....#...###...#..o.##
........###∩.#.o44o##
.......###....o#o4##
........###∩.#..§oo## ..
........####...#....##
#o#
..........###....#4).##
#...
........#..###........##
#o..#
............###..###...##
#...#


You could see an orc high priest, an orange demon, a hellwing, a chaos spawn
(unaware), an orc sorcerer (unaware), 2 red devils, a friendly warg, 2 friendly
orc warriors, 2 friendly orc priests, a friendly orc wizard and 2 friendly orcs.

Vanquished Creatures
  Snorg (D:11)
  A slime creature (D:12)
  2 ugly things (D:12)
  An elephant (Lair:5)
  A komodo dragon (shapeshifter) (D:12)
  A komodo dragon (Lair:3)
  2 centaur skeletons
  3 trolls
  2 blink frogs
  2 shadows (D:12)
  2 wyverns
  Eustachio (D:5)
  7 yaks
  A vampire mosquito (Lair:6)
  A warg (Orc:1)
  An eye of draining (D:11)
  An ice beast (D:12)
  2 orc warriors
  A black bear (D:12)
  4 ogres
  A crocodile (Lair:4)
  A centaur (D:11)
  2 big kobolds (D:11)
  6 bullfrogs
  4 killer bees
  2 scorpions (D:11)
  A vampire bat (Lair:3)
  3 crimson imps
  2 bullfrog zombies
  3 jellies
  A quasit (D:7)
  2 orc priests
  3 orc wizards
  3 iguanas
  4 worker ants
  2 mummies (Ossuary)
  3 adders
  An ooze (D:4)
  An adder zombie (Ossuary)
  3 leopard geckos
  17 orcs
  4 bats
  4 giant cockroaches
  2 goblins
  3 hobgoblins (D:1)
  3 jackals
  7 kobolds
  A quokka (D:5)
  2 frilled lizards
  A leopard gecko zombie (Ossuary)
  A quokka skeleton (D:6)
  2 rats
132 creatures vanquished.

Vanquished Creatures (collateral kills)
  The ghost of inmateoo the Grappler, a journeyman TrEE of Cheibriados (D:12)
  Josephine (Lair:5)
  Harold (D:10)
  Erolcha (D:10)
  6 hydras
  2 two-headed ogres
  A catoblepas (Lair:4)
  An orc high priest (Orc:2)
  5 death yaks
  Sonja (Lair:5)
  4 skeletal warriors
  A hell knight (Volcano)
  A salamander mystic (Volcano)
  A sixfirhy (Orc:2)
  An unseen horror (D:11)
  A wizard (D:7)
  A deep elf mage (D:12)
  An orc knight (Orc:2)
  Pikel (D:5)
  4 oklob plants (Lair:4)
  4 salamanders (Volcano)
  An orc sorcerer (D:7)
  3 slime creatures (D:12)
  Maurice (D:10)
  7 elephants
  Psyche (D:10)
  A rust devil (Orc:2)
  2 black mambas
  2 molten gargoyles (Volcano)
  23 spiny frogs
  An ice devil (Orc:2)
  2 rime drakes
  7 komodo dragons
  A troll (Orc:1)
  5 tyrant leeches (Lair:6)
  Grinder (D:5)
  7 hippogriffs
  2 polar bears
  A meliai zombie (D:11)
  14 blink frogs
  2 centaur simulacra (Gauntlet)
  A ynoxinul (Gauntlet)
  A wyvern (Lair:3)
  5 wraiths (Lair:5)
  21 yaks
  A vampire (D:9)
  2 fire bats (Volcano)
  3 basilisks
  9 vampire mosquitoes
  A hungry ghost (D:9)
  A soldier ant (D:11)
  Menkaure (D:6)
  6 wargs
  4 nagas (Lair:4)
  A hydra simulacrum (Gauntlet)
  A swamp worm (Lair:3)
  Duvessa (D:7)
  8 porcupines
  10 water moccasins
  An eye of draining (D:10)
  30 orc warriors
  An ice beast (D:12)
  2 black bears
  2 necrophages
  6 sky beasts
  15 ogres
  6 centaurs
  16 crocodiles
  2 big kobolds
  21 bullfrogs
  Dowan (D:7)
  A hornet simulacrum (Gauntlet)
  A scorpion (D:9)
  3 killer bees (D:9)
  7 howler monkeys
  10 wights
  A vampire bat (Lair:3)
  An electric eel (Lair:3)
  A crimson imp (D:12)
  5 lava snakes (Volcano)
  4 bullfrog zombies (Ossuary)
  3 centaur zombies
  2 quasits
  3 hounds
  11 jellies
  24 orc priests
  A water moccasin simulacrum (Gauntlet)
  20 orc wizards
  2 bullfrog skeletons
  A centaur skeleton (D:9)
  4 iguanas
  3 iron imps (Gauntlet)
  5 worker ants
  A killer bee zombie (Ossuary)
  2 bullfrog simulacra (Gauntlet)
  2 hound zombies
  15 mummies (Ossuary)
  A worker ant zombie (D:10)
  3 gnolls (D:7)
  A howler monkey skeleton (D:5)
  8 adders
  4 shadow imps
  3 oozes (Lair:5)
  An adder zombie (D:9)
  An adder skeleton (D:9)
  3 dart slugs (D:1)
  4 worms (D:3)
  5 leopard geckos
  66 orcs
  A giant cockroach (D:7)
  8 goblins
  7 hobgoblins
  13 jackals
  2 quokkas (D:6)
  3 ball pythons
  7 bats
  5 frilled lizards
  A jackal skeleton (D:6)
  2 jackal zombies (Ossuary)
  23 kobolds
  A leopard gecko skeleton (D:5)
  2 quokka skeletons
  3 rats
  2 fungi (Lair:2)
  5 plants
622 creatures vanquished.

Vanquished Creatures (others)
  17 fungi
  51 plants
  4 withered plants (Ossuary)
72 creatures vanquished.

Grand Total: 826 creatures vanquished

Notes
Turn   | Place    | Note
-------+----------+-------------------------------------------
     0 | D:1      | ilii the Deep Elf Summoner began the quest for the Orb.
     0 | D:1      | Reached XP level 1. HP: 10/10 MP: 6/6
   288 | D:1      | Reached XP level 2. HP: 16/16 MP: 5/8
   815 | D:1      | Reached XP level 3. HP: 13/20 MP: 4/9
   820 | D:1      | Learned a level 3 spell: Call Canine Familiar
  1332 | D:2      | Reached skill level 5 in Summonings
  1461 | D:2      | Reached skill level 1 in Fighting
  1812 | D:2      | Reached XP level 4. HP: 18/25 MP: 11/11
  1818 | D:2      | Learned a level 4 spell: Summon Lightning Spire
  2003 | D:2      | Found a burning altar of Makhleb.
  2011 | D:2      | Found a radiant altar of Vehumet.
  2499 | D:3      | Noticed an ogre
  2542 | D:3      | Killed an ogre
  2542 | D:3      | Reached skill level 1 in Air Magic
  2837 | D:3      | Reached XP level 5. HP: 29/29 MP: 9/13
  3213 | D:4      | Found a sand-covered staircase.
  3222 | Ossuary  | Entered an ossuary
  3659 | Ossuary  | Reached XP level 6. HP: 32/35 MP: 12/14
  3713 | Ossuary  | Reached skill level 6 in Summonings
  4137 | D:4      | Found a large runed door.
  4137 | D:4      | Found a large runed door.
  4180 | D:4      | Found a large runed door.
  4180 | D:4      | Found a large runed door.
  4182 | D:4      | Noticed a sky beast
  4588 | D:4      | Killed a sky beast
  4618 | D:4      | Learned a level 4 spell: Summon Ice Beast
  4690 | D:4      | Got a spiked chain mail
  4701 | D:4      | Identified the +5 chain mail of Fortification {SInv} (You
                  | found it on level 4 of the Dungeon)
  5076 | D:4      | Found Oplodoh's Weapon Shop.
  5133 | D:4      | Reached skill level 5 in Spellcasting
  5133 | D:4      | Reached skill level 1 in Ice Magic
  5133 | D:4      | Reached XP level 7. HP: 17/40 MP: 2/16
  5614 | D:4      | Found Cuokk's Antique Armour Emporium.
  5617 | D:4      | Bought a pair of embroidered boots for 202 gold pieces
  5708 | D:5      | Entered Level 5 of the Dungeon
  5708 | D:5      | Noticed Grinder
  5723 | D:5      | Killed Grinder
  5878 | D:5      | Reached skill level 7 in Summonings
  5945 | D:5      | Found a staircase to the Ecumenical Temple.
  5950 | Temple   | Entered the Ecumenical Temple
  6331 | D:5      | Found Upraimah's Assorted Antiques.
  6439 | D:5      | Noticed Eustachio
  6455 | D:5      | Killed Eustachio
  6929 | D:5      | Noticed Pikel
  6945 | D:5      | Killed Pikel
  6945 | D:5      | Reached XP level 8. HP: 38/46 MP: 8/19
  7069 | D:4      | Bought a runed robe for 99 gold pieces
  7234 | D:6      | Found a glowing golden altar of the Shining One.
  7252 | D:6      | Noticed Menkaure
  7263 | D:6      | Reached skill level 8 in Summonings
  7264 | D:6      | Killed Menkaure
  7561 | D:6      | Found a stormy altar of Qazlal.
  7621 | D:6      | Found a white marble altar of Elyvilon.
  8084 | D:7      | Noticed Dowan
  8111 | D:7      | Noticed Duvessa
  8219 | D:7      | Killed Duvessa
  8221 | D:7      | Killed Dowan
  8666 | D:7      | Reached skill level 9 in Summonings
  8688 | D:7      | Noticed a hippogriff
  8699 | D:7      | Killed a hippogriff
  8781 | D:7      | Got a pair of transparent boots
  8782 | D:7      | Identified the +2 pair of boots of Apathy {Int+3 Stlth+}
                  | (You found it on level 7 of the Dungeon)
  8790 | D:7      | Noticed a wizard
  8805 | D:7      | Noticed a red devil
  8810 | D:7      | Noticed an orc sorcerer
  8829 | D:7      | Killed a wizard
  8829 | D:7      | Reached XP level 9. HP: 52/52 MP: 16/22
  8832 | D:7      | Noticed an orange demon
  8837 | D:7      | Killed an orc sorcerer
  8914 | D:7      | Found Pumiep's Weapon Emporium.
  8974 | D:5      | Bought a scroll of identify for 60 gold pieces
  9024 | D:7      | Found a deep blue altar of Sif Muna.
  9148 | D:7      | Became a worshipper of Sif Muna the Loreminder
  9182 | D:8      | Noticed a two-headed ogre
  9208 | D:8      | Killed a two-headed ogre
  9208 | D:8      | Reached skill level 10 in Summonings
  9652 | D:8      | Reached skill level 5 in Fighting
  9740 | D:8      | Found a shimmering altar of Xom.
  9740 | D:8      | Found a shimmering altar of Xom.
  9741 | D:8      | Found a shimmering altar of Xom.
  9741 | D:8      | Found a shimmering altar of Xom.
  9742 | D:8      | Found a shimmering altar of Xom.
  9742 | D:8      | Found a shimmering altar of Xom.
  9744 | D:8      | Found a shimmering altar of Xom.
  9744 | D:8      | Found a shimmering altar of Xom.
  9930 | D:9      | Reached * piety under Sif Muna
 10022 | D:9      | Found Zughisk's Assorted Antiques.
 10145 | D:9      | Noticed a skeletal warrior
 10146 | D:9      | Noticed a skeletal warrior
 10147 | D:9      | Noticed a skeletal warrior
 10149 | D:9      | Noticed a skeletal warrior
 10265 | D:9      | Killed a skeletal warrior
 10265 | D:9      | Reached skill level 11 in Summonings
 10306 | D:8      | Killed a skeletal warrior
 10306 | D:8      | Reached XP level 10. HP: 16/59 MP: 1/25
 10564 | D:8      | Killed a skeletal warrior
 10564 | D:8      | Reached ** piety under Sif Muna
 10670 | D:9      | Killed a skeletal warrior
 10782 | D:9      | Got a shimmering robe
 10793 | D:9      | Identified the +2 robe "Nyoqan" {rC+ Regen+ Str-2 Dex+5}
                  | (You found it on level 9 of the Dungeon)
 11041 | D:9      | Found a shattered altar of Ashenzari.
 11175 | D:9      | Found a deep blue altar of Sif Muna.
 11360 | D:10     | Entered Level 10 of the Dungeon
 11394 | D:10     | Found a staircase to the Lair.
 11478 | D:10     | Reached skill level 10 in Spellcasting
 11478 | D:10     | Reached skill level 12 in Summonings
 11527 | D:10     | Found a portal to a secret trove of treasure.
 11629 | D:10     | Reached *** piety under Sif Muna
 11801 | D:10     | Noticed Harold
 11819 | D:10     | Killed Harold
 11836 | D:10     | Noticed Erolcha
 11869 | D:10     | Killed Erolcha
 11887 | D:10     | Noticed Psyche
 11887 | D:10     | Noticed Maurice
 11899 | D:10     | Killed Psyche
 11935 | D:10     | Killed Maurice
 12135 | D:10     | Noticed a two-headed ogre
 12175 | D:10     | Killed a two-headed ogre
 12175 | D:10     | Reached XP level 11. HP: 52/66 MP: 23/27
 12386 | D:10     | Reached **** piety under Sif Muna
 12386 | D:10     | Reached skill level 13 in Summonings
 12425 | Lair:1   | Entered Level 1 of the Lair of Beasts
 13037 | Lair:1   | Found a runed door.
 13040 | Lair:1   | Noticed Ontamu's ghost (journeyman DEWz)
 13043 | Lair:1   | Identified the +9 spear of Epusta {freeze, rPois Str-3
                  | Dex+4 Stlth+}
 13459 | Lair:1   | Upgraded the game from 0.23-a0-554-gd3cbc84 to
                  | 0.23-a0-558-g30802b1
 13536 | Lair:2   | Got a spiked shield
 13537 | Lair:2   | Identified the cursed -3 shield "Guneb" {Int+2} (You found
                  | it on level 2 of the Lair of Beasts)
 13954 | Lair:2   | Reached skill level 5 in Dodging
 14090 | Lair:2   | Found a runed door.
 14091 | Lair:2   | Noticed a five-headed hydra
 14091 | Lair:2   | Noticed Foefao Rulua's ghost (journeyman DEAE)
 14409 | Lair:3   | Noticed a death yak
 14409 | Lair:3   | Noticed a death yak
 14409 | Lair:3   | Noticed a death yak
 14409 | Lair:3   | Noticed a death yak
 14409 | Lair:3   | Noticed a death yak
 14671 | Lair:3   | Found a gate leading to a gauntlet.
 14680 | Gauntlet | Entered a Gauntlet
 14680 | Gauntlet | Found a transporter.
 14680 | Gauntlet | Found a transporter.
 14695 | Gauntlet | Found a transporter.
 14699 | Gauntlet | Found a transporter.
 14713 | Gauntlet | Found a transporter.
 14715 | Gauntlet | Found a transporter.
 14722 | Gauntlet | Noticed a death drake
 14725 | Gauntlet | Found a transporter.
 14744 | Gauntlet | Found a transporter.
 14761 | Gauntlet | Found a transporter.
 14765 | Gauntlet | Found a transporter.
 14775 | Gauntlet | Found a transporter.
 14779 | Gauntlet | Found a transporter.
 14839 | Gauntlet | Learned a level 2 spell: Shroud of Golubria
 15000 | Gauntlet | Learned a level 5 spell: Summon Mana Viper
 15007 | Gauntlet | Learned a level 6 spell: Shadow Creatures
 15111 | Gauntlet | Identified the +5 plate armour of the Earth {*Contam rC-
                  | Int+9 Stlth+}
 15111 | Gauntlet | Noticed a minotaur
 15426 | Lair:2   | Killed a death yak
 15428 | Lair:2   | Killed a death yak
 15908 | Lair:3   | Noticed a five-headed hydra
 15919 | Lair:3   | Killed a five-headed hydra
 16022 | Lair:3   | Killed a death yak
 16065 | Lair:3   | Killed a death yak
 16067 | Lair:3   | Killed a death yak
 16311 | Lair:3   | Noticed an eight-headed hydra
 16316 | Lair:3   | Noticed a six-headed hydra
 16318 | Lair:3   | Killed an eight-headed hydra
 16321 | Lair:3   | Killed a six-headed hydra
 16326 | Lair:3   | Found a staircase to the Swamp.
 16906 | Lair:4   | Noticed a catoblepas
 16920 | Lair:4   | Killed a catoblepas
 16920 | Lair:4   | Reached XP level 12. HP: 73/73 MP: 1/30
 16927 | Lair:4   | Learned a level 5 spell: Bolt of Magma
 17070 | Lair:4   | Reached ***** piety under Sif Muna
 17149 | Lair:4   | Reached skill level 1 in Conjurations
 17149 | Lair:4   | Reached skill level 1 in Fire Magic
 17149 | Lair:4   | Reached skill level 1 in Earth Magic
 17251 | Lair:4   | Identified Sif Muna's Guide on Damaging Companions (Sif
                  | Muna gifted it to you on level 4 of the Lair of Beasts)
 17251 | Lair:4   | Received a gift from Sif Muna
 17324 | Lair:4   | Found a staircase to the Snake Pit.
 17486 | Lair:4   | Found a hide-covered altar of Uskayaw.
 17608 | Lair:4   | Noticed an eight-headed hydra
 17619 | Lair:4   | Killed an eight-headed hydra
 18060 | Lair:5   | Found a dark tunnel.
 18065 | Volcano  | Entered a volcano
 18369 | Volcano  | Found a radiant altar of Vehumet.
 19043 | Lair:5   | Found a staircase to the Slime Pits.
 19259 | Lair:5   | Noticed a seven-headed hydra
 19282 | Lair:5   | Killed a seven-headed hydra
 19756 | Lair:5   | Noticed Josephine
 19770 | Lair:5   | Killed Josephine
 19845 | Lair:5   | Noticed Sonja
 19862 | Lair:5   | Killed Sonja
 20447 | Lair:6   | Entered Level 6 of the Lair of Beasts
 20599 | Slime:1  | Entered Level 1 of the Pits of Slime
 20633 | Lair:6   | Reached skill level 5 in Conjurations
 20651 | Lair:6   | Reached skill level 5 in Fire Magic
 20651 | Lair:6   | Reached skill level 5 in Earth Magic
 20700 | Lair:6   | Noticed an eight-headed hydra
 20707 | Lair:6   | Killed an eight-headed hydra
 21195 | Lair:6   | Identified Sif Muna's Almanac of the Glacier and
                  | Weightlessness (Sif Muna gifted it to you on level 6 of the
                  | Lair of Beasts)
 21195 | Lair:6   | Received a gift from Sif Muna
 21495 | Lair:6   | Reached XP level 13. HP: 79/79 MP: 21/31
 21559 | Lair:6   | Learned a level 8 spell: Summon Horrible Things
 22217 | Lair:6   | Got a bloodstained long sword
 22392 | Lair:6   | Gained mutation: You are agile. (Dex +2) [mutagenic glow]
 22700 | Lair:6   | Identified the +5 long sword "Kauxooh" {flame, -Tele Dex+5
                  | Stlth+} (You found it on level 6 of the Lair of Beasts)
 22845 | Lair:6   | Reached skill level 14 in Summonings
 23696 | D:11     | Reached skill level 1 in Maces & Flails
 23819 | D:11     | Reached skill level 1 in Shields
 24011 | D:11     | Noticed Snorg
 24015 | D:11     | Killed Snorg
 24488 | D:12     | Found a runed gate.
 24489 | D:12     | Found a runed gate.
 24489 | D:12     | Noticed inmateoo's ghost (journeyman TrEE)
 24490 | D:12     | Found a runed gate.
 24506 | D:12     | Identified the +3 mace of Earthquakes {holy, +Fly rC-
                  | Stlth+}
 24506 | D:12     | Identified the +4 plate armour of Xoimmiv {rN+ Regen+}
 24512 | D:12     | Found a roughly hewn altar of Beogh.
 24582 | D:12     | Killed inmateoo's ghost
 25227 | D:12     | Found a staircase to the Orcish Mines.
 25384 | D:12     | Reached skill level 5 in Shields
 26344 | Orc:1    | Entered Level 1 of the Orcish Mines
 27023 | Orc:1    | Found a bloodstained altar of Trog.
 27114 | Orc:2    | Entered Level 2 of the Orcish Mines
 27677 | Orc:2    | Found a staircase to the Elven Halls.
 27794 | Orc:2    | Found a roughly hewn altar of Beogh.
 27856 | Orc:2    | Found Netziacice's Antique Weapon Emporium.
 27876 | Orc:2    | Bought a smoking mace for 192 gold pieces
 27876 | Orc:2    | Identified the cursed +2 mace "Death Rattle" {drain, rPois
                  | Str-5 Int+2} (You bought it in a shop on level 2 of the
                  | Orcish Mines)
 28109 | Orc:2    | Found Megreg's General Store.
 28146 | Orc:2    | Found Lotev's General Store.
 28180 | Orc:2    | Received a gift from Sif Muna
 28265 | Orc:2    | Learned a level 2 spell: Blink
 28374 | Orc:2    | Bought a scroll of magic mapping for 59 gold pieces
 28374 | Orc:2    | Bought a scroll of fear for 59 gold pieces
 28506 | Orc:2    | HP: 1/79 [red devil/+0 trident[an orc high priest] (11)]
 28507 | Orc:2    | Slain by a red devil

Vault maps used:
D:1:      dpeg_arrival_rooms_a
D:2:      minitemple
D:4:      serial_shops, shop, nicolae_shop_trees,
          lightli_ossuary_entry_decrepit_ruins, minmay_hollow_rounded_squares
D:5:      minmay_bubble_buster, temple_doors_e, first_ration, serial_shops,
          shop, mrwooster_statue_mirror, uniq_pikel, uniq_eustachio,
          uniq_grinder
D:6:      kennysheep_mini_moat, elyvilon_altar_1, tso_altar, uniq_menkaure
D:7:      cheibrodos_wizards_tower, serial_shops, shop, led_sif_pool,
          uniq_duvessa
D:8:      xom_shifter_show
D:9:      nicolae_ashenzari_panopticon, kennysheep_mini, serial_shops,
          kennysheep_little_box
D:10:     lair_entry_dummy, nicolae_trove_entry_columns, uniq_psyche,
          uniq_harold, uniq_maurice, uniq_erolcha
D:11:     special_room, evilmike_butchery, uniq_snorg
D:12:     minmay_orc_entry_guard_dogs, biasface_ghost_orc_armoury
Temple:   eino_narrow_crystal_temple
Lair:1:   ebering_ghost_funeral_grove
Lair:2:   ebering_ghost_inner_flame, serial_forest,
          infiniplex_forest_lined_3_way, infiniplex_forest_straight_1,
          infiniplex_forest_clump_double, infiniplex_forest_side_room,
          infiniplex_forest_clump_double, infiniplex_forest_clump_long,
          beast_lair_carwin_1
Lair:3:   palyth_hydra_swamp_entry, gauntlet_entry_generic, roderic_batcave,
          nicolae_quartered_pool_medium, infiniplex_staircase_pool_2
Lair:4:   minmay_snake_entry_guardpost_small, lemuel_oklob_altar,
          minmay_lair_oklob_chamber
Lair:5:   minmay_slime_entry_jelly_boxes, enter_volcano_1, uniq_sonja,
          uniq_josephine
Lair:6:   minmay_lair_end_frog_pond
Orc:1:    bloody_trog
Orc:2:    pf_orc_diabolical, serial_shops, nicolae_shop_waterfront, mines1_david
Ossuary:  ossuary_zaba_flooded
Volcano:  volcano_lake
Gauntlet: gammafunk_gauntlet_hard_choice

Skill      XL: |  1  2  3  4  5  6  7  8  9 10 11 12 13 |
---------------+----------------------------------------+-----
Dodging        | 3 8 |  8.9
Summonings     | 5 6 7 9 11 12 13 14 | 14.1
Fighting       | 1 2 3 4 5 6 7 8 |  8.6
Spellcasting   | 4 5 6 7 9 10 12 13 | 13.1
Air Magic      | 1 2 3 |  3.0
Ice Magic      | 1 3 |  3.0
Conjurations   | 5 |  5.4
Fire Magic     | 5 |  5.4
Earth Magic    | 5 |  5.3
Maces & Flails | 1 |  1.0
Shields        | 7 |  7.3
Stealth        | |  2.4

Action                   |  1- 3 |  4- 6 |  7- 9 | 10-12 | 13-15 || total
-------------------------+-------+-------+-------+-------+-------++-------
Melee: Dagger            |    37 |    38 |    61 |   144 |    15 ||   295
       Demon whip        |       |       |       |       |   268 ||   268
       Mace              |       |       |       |       |     8 ||     8
 Cast: Summon Small Mamm |    62 |    86 |    28 |       |       ||   176
       Call Canine Famil |     4 |    37 |    38 |    33 |     3 ||   115
       Summon Lightning  |       |     2 |    16 |    35 |     8 ||    61
       Summon Ice Beast  |       |       |    29 |   156 |    71 ||   256
       Shadow Creatures  |       |       |       |    67 |    10 ||    77
       Summon Mana Viper |       |       |       |    15 |    28 ||    43
       Shroud of Golubri |       |       |       |     2 |       ||     2
       Bolt of Magma     |       |       |       |     2 |    15 ||    17
       Summon Horrible T |       |       |       |       |     8 ||     8
Invok: Divine Energy     |       |       |     1 |       |       ||     1
Evoke: Wand              |       |       |     1 |     2 |       ||     3
  Use: Scroll            |       |    15 |    12 |    15 |    11 ||    53
       Potion            |       |     2 |     1 |     1 |     1 ||     5
 Stab: Sleeping          |     5 |       |     4 |       |     8 ||    17
       Distracted        |     1 |     1 |     1 |     2 |       ||     5
  Eat: Chunk             |     3 |     9 |    20 |    32 |    19 ||    83
       Ration            |       |     1 |       |     5 |     3 ||     9
Armor: Robe              |    11 |     5 |    26 |    68 |    98 ||   208
       Skin              |       |       |     3 |       |       ||     3
       Leather armour    |       |       |       |    15 |       ||    15
Dodge: Dodged            |    54 |    51 |    85 |   288 |   305 ||   783

Table legend:
 A = Non-vault XP
 B = Vault XP
 C = Vault XP percentage of total XP
 D = Non-vault monster count
 E = Vault monster count
 F = Vault count percentage of total count
                 A         B        C        D         E       F
            +---------+---------+-------+---------+---------+-------
      Total |   35239 |   24166 |  40.7 |     495 |     252 |  33.7
            +---------+---------+-------+---------+---------+-------
        D:1 |      46 |       0 |   0.0 |      29 |       0 |   0.0
        D:2 |      67 |       0 |   0.0 |      27 |       0 |   0.0
        D:3 |      92 |       0 |   0.0 |      22 |       0 |   0.0
        D:4 |      92 |     300 |  76.5 |       9 |       7 |  43.8
        D:5 |     107 |     657 |  86.0 |       9 |      11 |  55.0
        D:6 |     289 |      85 |  22.7 |      15 |       1 |   6.2
        D:7 |     478 |     723 |  60.2 |      28 |       4 |  12.5
        D:8 |    1815 |       0 |   0.0 |      27 |       0 |   0.0
        D:9 |    2200 |       0 |   0.0 |      47 |       0 |   0.0
       D:10 |    2497 |    1460 |  36.9 |      48 |       4 |   7.7
       D:11 |    2841 |    1661 |  36.9 |      47 |      21 |  30.9
       D:12 |    6137 |    1449 |  19.1 |      41 |      18 |  30.5
     Lair:1 |    1107 |       0 |   0.0 |      11 |       0 |   0.0
     Lair:2 |    2569 |     471 |  15.5 |      16 |       8 |  33.3
     Lair:3 |    4173 |    1210 |  22.5 |      24 |      13 |  35.1
     Lair:4 |    2496 |    1661 |  40.0 |      15 |      10 |  40.0
     Lair:5 |    2620 |    2198 |  45.6 |      12 |      22 |  64.7
     Lair:6 |    2702 |    6336 |  70.1 |      20 |      43 |  68.3
      Orc:1 |    2019 |       0 |   0.0 |      37 |       0 |   0.0
      Orc:2 |     892 |    2453 |  73.3 |      11 |      37 |  77.1
    Ossuary |       0 |     327 | 100.0 |       0 |      27 | 100.0
    Volcano |       0 |    2590 | 100.0 |       0 |      15 | 100.0
   Gauntlet |       0 |     585 | 100.0 |       0 |      11 | 100.0
            +---------+---------+-------+---------+---------+-------
